 Seeded DCSS version 0.30.1-11-g7821555f0a (webtiles) character file.

Game seed: 5 (custom seed)

1045 Kazon the Covert (level 8, -1/57 HPs)
             Began as a Vampire Brigand on Oct 30, 2023.
             Was a Follower of Makhleb.
             Succumbed to a water moccasin's poison
             ... on level 6 of the Dungeon.
             The game lasted 00:15:14 (3387 turns).

Kazon the Covert (Vampire Brigand)                  Turns: 3387, Time: 00:15:15

Health: -1/57      AC:  4    Str: 12    XL:     8   Next: 4%
Magic:  7/18       EV: 13    Int: 14    God:    Makhleb [*.....]
Gold:   220        SH:  0    Dex: 21    Spells: 7/7 levels left

rFire   . . .        C - +0 rapier (venom)
rCold   . . .        (no shield)
rNeg    . . .        b - +0 robe
rPois   .            k - +0 helmet
rElec   .            c - +0 cloak
rCorr   .            (no gloves)
SInv    +            (no boots)
Will    .....        G - amulet of guardian spirit
Stlth   ++++         w - ring of magical power
HPRegen 0.49/turn    y - +6 ring of dexterity
MPRegen 0.16/turn

%: guardian spirit
@: lethally poisoned (-1 -> -14), healing quickly
A: alive, fangs 3, see invisible, vampiric 2
a: Exsanguinate, Renounce Religion


You were on level 6 of the Dungeon.
You worshipped Makhleb.
Makhleb was aware of your devotion.
You visited 2 branches of the dungeon, and saw 7 of its levels.

You collected 220 gold pieces.

Inventory:

Hand Weapons
 a - a +2 dagger
 e - a +2 vampiric dagger
 f - a +0 hand axe of flaming
 C - a +0 rapier of venom (weapon)
Missiles
 d - 4 poisoned darts (quivered)
 g - 22 stones
 n - 3 boomerangs
 u - 3 curare-tipped darts
Armour
 b - a +0 robe (worn)
 c - a +0 cloak (worn)
 j - a +0 tower shield
 k - a +0 helmet (worn)
Jewellery
 w - a ring of magical power (left hand)
 y - a +6 ring of dexterity (right hand)
 G - an amulet of guardian spirit (around neck)
Wands
 o - a wand of paralysis (8)
Scrolls
 h - a scroll of fog {unknown}
 p - 2 scrolls of teleportation {unknown}
 q - 2 scrolls of magic mapping {unknown}
 r - a scroll of summoning {unknown}
 s - 2 scrolls of identify {unknown}
 t - a scroll of blinking {unknown}
 B - a scroll of torment {unknown}
 D - a scroll of amnesia {unknown}
 F - a scroll of poison {unknown}
Potions
 i - a potion of resistance {unknown}
 l - 3 potions of curing {unknown}
 m - a potion of magic {unknown}
 v - 3 potions of flight {unknown}
 x - a potion of berserk rage {unknown}
 z - 2 potions of invisibility {unknown}
 A - 2 potions of heal wounds {unknown}
 E - a potion of lignification {unknown}
 H - a potion of attraction {unknown}


   Skills:
 + Level 2.9 Fighting
 + Level 4.7 Short Blades
 * Level 2.7 Axes
 + Level 2.8 Throwing
 + Level 2.4 Dodging
 + Level 8.2 Stealth
 * Level 2.6 Shields
 * Level 2.3 Invocations
 * Level 2.2 Evocations


You had 7 spell levels left.
You didn't know any spells.
Your spell library contained the following spells:

 Spells                   Type           Power      Damage    Failure   Level
 Frozen Ramparts          Ice            0%         1d1       65%         3
 Ice Form                 Ice/Tmut       0%         N/A       96%         4
 Summon Ice Beast         Ice/Summ       0%         N/A       96%         4


Dungeon Overview and Level Annotations

Branches:
Dungeon (6/15)             Temple (1/1) D:4

Altars:
Dithmenos
Fedhas
Gozag
Hepliaklqana
Makhleb
Okawaru
Qazlal
Wu Jian


Innate Abilities, Weirdness & Mutations

Your natural rate of healing is accelerated.
You have razor-sharp teeth.
You have supernaturally acute eyesight. (SInv)
You are afflicted with vampirism and can become a bat while bloodless.


Message History

The water moccasin is moderately wounded.
You feel very sick. The water moccasin closely misses you.
The water moccasin bites you.
You hit the water moccasin.
The water moccasin is heavily wounded.
You feel very sick. The water moccasin bites you.
You are more poisoned.
The water moccasin poisons you!
You barely miss the water moccasin. Your bite misses the water moccasin.
The water moccasin is severely wounded.
You feel very sick. The water moccasin closely misses you.
You miss the water moccasin. Your bite misses the water moccasin.
The water moccasin is severely wounded.
You feel very sick. The water moccasin barely misses you.
The water moccasin misses you.
You closely miss the water moccasin.
The water moccasin is severely wounded.
You feel very sick. The water moccasin bites you.
* * * LOW HITPOINT WARNING * * *
You are lethally poisoned!
The water moccasin poisons you!
You closely miss the water moccasin.
The water moccasin is severely wounded.
* * * LOW HITPOINT WARNING * * *
You feel very sick. The water moccasin bites you.
* * * LOW HITPOINT WARNING * * *
You barely miss the water moccasin. You bite the water moccasin.
The water moccasin is almost dead.
* * * LOW HITPOINT WARNING * * *
You feel very sick.
You kill the water moccasin!
Makhleb accepts your kill.
You have reached level 8!
You hit the orc wizard.
The orc wizard is poisoned.
The orc wizard is heavily wounded.
You die...

#.#
#.########
#.........
#.........
#.........
#.##..[...
#.# ######
#.# #@#
#o# #)#
#(. #..
##(. ..
...


You could see an orc wizard (invisible, very poisoned).

Vanquished Creatures
  Sigmund (D:4)
  A water moccasin (D:6)
  2 black bears (D:4)
  An ogre (D:5)
  A scorpion (D:4)
  3 hounds (D:5)
  A jelly (D:5)
  An orc wizard (D:6)
  4 iguanas
  4 gnolls (D:5)
  8 adders
  An ufetubus (D:4)
  3 worms
  8 orcs
  4 bats
  9 endoplasms
  A giant cockroach (D:1)
  12 goblins
  7 hobgoblins
  11 jackals
  3 kobolds
  3 quokkas (D:4)
  6 ball pythons
  3 frilled lizards
  4 rats
102 creatures vanquished.

Notes
Turn   | Place    | Note
-------+----------+-------------------------------------------
     0 | D:1      | Kazon the Vampire Brigand began the quest for the Orb.
     0 | D:1      | Reached XP level 1. HP: 16/16 MP: 1/1
    22 | D:1      | Reached skill level 6 in Stealth
    44 | D:1      | Identified a scroll of acquirement
    44 | D:1      | Acquired a +0 rapier of venom
    97 | D:1      | Reached XP level 2. HP: 22/22 MP: 2/2
   414 | D:1      | Gained mutation: You are afflicted with vampirism and can
                  | become a bat while bloodless. [Vampire growth]
   414 | D:1      | Reached XP level 3. HP: 27/27 MP: 3/3
  1008 | D:2      | Reached skill level 7 in Stealth
  1017 | D:2      | Reached XP level 4. HP: 32/33 MP: 4/4
  1177 | D:2      | Reached skill level 1 in Axes
  1555 | D:3      | Reached skill level 1 in Shields
  1648 | D:3      | Found a stormy altar of Qazlal.
  1743 | D:3      | You fall into a shaft and drop 2 floors!
  1743 | D:5      | Entered Level 5 of the Dungeon
  1763 | D:4      | Found a staircase to the Ecumenical Temple.
  1772 | Temple   | Entered the Ecumenical Temple
  1789 | Temple   | Became a worshipper of Makhleb the Destroyer
  1861 | D:3      | Found a faded altar of an unknown god.
  1886 | D:3      | Identified the +2 sling "Qeuhanocyt" {speed, rElec Str-3
                  | Dex+2}
  2004 | D:3      | Found a blossoming altar of Fedhas.
  2224 | D:4      | Noticed a black bear
  2234 | D:4      | Killed a black bear
  2235 | D:4      | Reached XP level 5. HP: 23/38 MP: 5/5
  2254 | D:4      | Found a hazy altar of Hepliaklqana.
  2285 | D:4      | Found a shadowy altar of Dithmenos.
  2285 | D:4      | Noticed a shadow
  2316 | D:4      | Noticed Sigmund
  2326 | D:4      | Killed Sigmund
  2327 | D:4      | Reached skill level 1 in Invocations
  2327 | D:4      | Reached XP level 6. HP: 39/45 MP: 6/6
  2697 | D:4      | Reached skill level 1 in Evocations
  2711 | D:4      | Reached XP level 7. HP: 51/51 MP: 8/8
  2943 | D:5      | Reached skill level 8 in Stealth
  2954 | D:5      | Reached * piety under Makhleb
  3386 | D:6      | HP: 2/51 [poisoned by a water moccasin]
  3387 | D:6      | Reached XP level 8. HP: 2/57 MP: 6/9
  3387 | D:6      | Succumbed to a water moccasin's poison

Illustrated notes

Levels and vault maps discovered:
D:1:      ebering_trefoil_3fold, layout_basic, st_stairs_14, serial_bayou_ford_a
D:2:      layout_basic, hangedman_decor_growths, minmay_close_crescents
D:3:      layout_rooms, mainiacjoe_overflow_concentric_impassable,
          mainiacjoe_overflow_paths, shapermc_ecumenical_altar_acropolis,
          chequers_serial_rivers_micro_b
D:4:      layout_basic, riverfiend_overflow_shadow_ancestor,
          minmay_temple_entry_glass, uniq_sigmund
D:5:      layout_gridville
D:6:      layout_basic, xom_teletrap_fun, uniq_duvessa
Temple:   nicolae_temple_elliptical

Skill      XL: |  1  2  3  4  5  6  7 |
---------------+----------------------+-----
Stealth        | 6 7 8 |  8.2
Fighting       | 2 |  2.9
Throwing       | 2 |  2.8
Axes           | 1 2 |  2.7
Shields        | 1 2 |  2.6
Short Blades   | 3 4 |  4.7
Dodging        | 2 |  2.4
Invocations    | 1 2 |  2.3
Evocations     | 1 2 |  2.2

Action                     |  1- 3 |  4- 6 |  7- 9 || total
---------------------------+-------+-------+-------++-------
  Melee: Dagger            |    15 |       |       ||    15
         Rapier            |    72 |   102 |    65 ||   239
         Bite              |     8 |     9 |     9 ||    26
         Punch             |     1 |     1 |     1 ||     3
  Throw: Dart              |    12 |    18 |    22 ||    52
         Stone             |     4 |       |     5 ||     9
    Use: Scroll            |     2 |       |       ||     2
   Stab: Sleeping          |     9 |    13 |     1 ||    23
         Distracted        |       |     1 |       ||     1
 Armour: Robe              |    14 |    23 |     8 ||    45
  Dodge: Dodged            |    39 |    47 |    35 ||   121
